Map: Acid Plant LE

Players

Kelazhur

  • Race: Terran Terran
  • Spawn Location: 5:00

sOs - Winner!

  • Race: Protoss Protoss
  • Spawn Location: 11:00

Event: IEM Season 12 - PyeongChang

VOD

Have the link to the VOD?

Description

Time

  • Played on: Feb. 6, 2018, 12:25 a.m.
  • Length: 15:06

All games in this series

Show
View Real Time Build Order
Export as new Build Order

Kelazhur Terran 

Build Orders: Gas First Reaper Expand, Reaper Expand, MMM Bio 

Get SALT Encoding   

  12  0:00  SCV  
  13  0:12  SCV  
  14  0:17  Supply Depot  
  14  0:24  SCV  
  15  0:28  Refinery  
  15  0:38  SCV  
  16  0:44  Barracks  
  16  0:50  SCV  
  17  1:02  SCV  
  18  1:15  SCV  
  19  1:31  Reaper, Orbital Command  
  20  1:53  Command Center  
  20  1:56  SCV  
  21  2:01  Factory  
  21  2:06  Barracks Reactor  
  21  2:08  SCV  
  21  2:15  Refinery  
  22  2:19  Supply Depot  
  22  2:21  SCV  
  23  2:41  SCV  
  24  2:46  Starport  
  28  2:51  Hellion x2  
  28  2:53  SCV  
  29  3:05  SCV  
  31  3:12  Hellion  
  31  3:17  Hellion, Orbital Command  
  33  3:20  SCV  
  33  3:25  Medivac  
  36  3:32  SCV  
  37  3:38  Widow Mine x2  
  41  3:42  SCV  
  41  3:45  Barracks Tech Lab  
  41  3:47  Supply Depot, SCV  
  43  3:54  SCV  
  44  3:59  SCV  
  45  4:07  SCV  
  46  4:16  Marine  
  39  4:18  Widow Mine x2, Stimpack  
  39  4:19  Bunker  
  39  4:21  SCV  
  39  4:22  SCV  
  42  4:34  SCV x2  
  42  4:35  Marine  
  42  4:37  Command Center  
  45  4:40  Widow Mine x2  
  49  4:46  Engineering Bay  
  49  4:47  SCV  
  49  4:51  SCV  
  51  4:53  Marine  
  51  4:59  SCV  
  49  5:03  SCV  
  49  5:04  Widow Mine x2  
  54  5:11  SCV, Marine  
  52  5:18  SCV  
  52  5:20  Missile Turret  
  53  5:21  Missile Turret  
  53  5:23  Terran Infantry Weapons Level 1  
  53  5:27  Barracks  
  53  5:29  Marine, Barracks  
  54  5:37  SCV  
  54  5:38  Supply Depot  
  54  5:39  SCV  
  53  5:46  Marine  
  53  5:48  Medivac  
  53  5:49  Widow Mine x2, SCV  
  60  5:50  Orbital Command  
  60  5:51  SCV  
  60  5:57  Refinery  
  61  6:01  SCV  
  61  6:03  SCV  
  63  6:06  Marine  
  62  6:13  SCV  
  62  6:15  SCV  
  62  6:19  Barracks Tech Lab  
  62  6:20  Starport Reactor  
  62  6:22  Barracks  
  62  6:25  SCV x2, Refinery  
  62  6:26  Barracks  
  62  6:27  SCV  
  62  6:28  Combat Shields  
  62  6:29  Marine x2  
  62  6:30  Marine, Factory Reactor  
  68  6:37  SCV  
  69  6:40  SCV  
  69  6:42  Marauder  
  69  6:44  Orbital Command  
  72  6:47  Marine  
  72  6:50  SCV  
  72  6:52  Marine  
  72  6:53  Marauder  
  71  6:54  SCV  
  72  7:02  Marine  
  72  7:05  Marine, Medivac x2  
  77  7:11  Barracks Tech Lab  
  77  7:12  Supply Depot x2, SCV x2  
  77  7:14  Marauder  
  81  7:17  Barracks Reactor  
  81  7:18  SCV  
  81  7:21  Marauder  
  82  7:23  Widow Mine  
  82  7:24  SCV  
  85  7:31  SCV x2  
  85  7:33  Widow Mine, Marine x2  
  85  7:34  Marauder  
  85  7:36  Marauder  
  87  7:40  SCV  
  87  7:42  Marine  
  81  7:44  SCV  
  81  7:45  SCV  
  81  7:51  Marine x2  
  83  7:52  Medivac x2  
  83  7:53  Marine x2  
  83  7:55  SCV, Marauder  
  83  7:57  SCV, Marine  
  93  8:00  Marauder  
  93  8:01  SCV  
  81  8:07  SCV  
  81  8:09  Marine x2  
  81  8:11  Marine x2  
  86  8:15  Marauder  
  86  8:16  Marine  
  86  8:17  SCV  
  90  8:21  Marauder  
  90  8:24  Terran Infantry Armor Level 1  
  92  8:27  SCV  
  92  8:29  Marine x3  
  92  8:30  SCV  
  92  8:32  Supply Depot  
  97  8:35  SCV  
  97  8:39  SCV  
  99  8:42  SCV  
  99  8:43  Marine  
  101  8:52  Missile Turret, Marine  
  101  8:53  Widow Mine, Marauder x2  
  101  8:54  Widow Mine, SCV, Supply Depot x2  
  111  9:00  Armory  
  111  9:03  SCV  
  111  9:04  Marine x2  
  111  9:09  SCV  
  115  9:11  Marauder  
  115  9:16  SCV, Marauder x2  
  122  9:18  SCV  
  123  9:25  Supply Depot x2  
  123  9:27  Marine  
  128  9:31  Widow Mine x2  
  128  9:32  SCV, Marauder  
  128  9:36  SCV  
  132  9:41  SCV  
  133  9:46  Marine, Medivac x2  
  133  9:47  Supply Depot, SCV, Marauder  
  133  9:49  Supply Depot, Marine x2  
  143  9:54  Marine, Marauder x2  
  143  9:55  SCV  
  149  10:05  Marine  
  149  10:09  Widow Mine x2, Marine x2, Marauder  
  149  10:11  Supply Depot  
  157  10:16  Supply Depot, Marine, Marauder  
  157  10:18  Terran Infantry Weapons Level 2  
  160  10:27  Marine x2, Marauder  
  164  10:33  Widow Mine x2, Marauder  
  169  10:36  Marine x2  
  169  10:37  Marauder  
  172  10:43  Medivac x2  
  172  10:45  Marine x2  
  172  10:49  Marauder  
  180  10:54  Widow Mine, Marine  
  180  10:55  Marauder  
  181  10:58  Marine  
  181  11:03  Marine  
  181  11:05  Supply Depot, Marine  
  181  11:08  Refinery x2  
  181  11:10  Concussive Shells  
  181  11:24  Marine  
  181  11:26  SCV  
  181  11:27  SCV x2, Marauder x3  
  181  11:28  Supply Depot  
  181  11:32  Medivac x2  
  189  11:39  Marine  
  188  11:44  SCV  
  188  11:45  Command Center  
  188  11:50  Marauder x2  
  188  11:54  Supply Depot, Engineering Bay  
  192  11:55  Supply Depot  
  192  11:59  Marauder  
  194  12:06  Medivac  
  196  12:15  Medivac, Marauder  
  200  12:20  Marauder  
  196  12:27  Marauder  
  172  12:34  Marine  
  172  12:35  Marine  
  175  12:37  Marauder  
  175  12:40  Starport  
  175  12:41  Marauder  
  173  12:48  Marauder  
  167  12:57  Widow Mine x2  
  160  12:58  Marauder  
  160  13:00  Marine  
  160  13:02  Marine  
  160  13:03  Marine x2, Marauder  
  160  13:05  Medivac x2  
  165  13:07  Barracks  
  165  13:09  Barracks, Marauder  
  164  13:18  Starport Reactor, Marine  
  163  13:20  Marine, Marauder  
  163  13:24  Marauder  
  163  13:26  Marine  
  167  13:30  Widow Mine x2, Marine  
  167  13:31  Marauder  
  172  13:36  Marine  
  172  13:38  Marine  
  174  13:41  Marauder  
  174  13:44  Marine  
  174  13:46  Marauder  
  174  13:48  Marine  
  178  13:52  Marauder  
  164  14:01  Viking x2  
  164  14:02  Marine, Marauder  
  158  14:03  Marine x4  
  158  14:06  Marine  
  158  14:07  Marauder  
  156  14:10  Viking x2  
  156  14:14  Marauder  
  162  14:20  Marine x4  
  162  14:21  Marine  
  162  14:23  Marine  
  162  14:24  Marauder  
  164  14:28  Marauder  
  146  14:35  Marauder  
  146  14:38  Marine x4  
  140  14:39  Marine  
  140  14:41  Marine  
  140  14:45  Marauder  
Show
View Real Time Build Order
Export as new Build Order

sOs Protoss - Winner!

Build Orders: 1 Gate Expand, Oracle Opening, Phoenix Opening 

Get SALT Encoding   

  12  0:00  Probe  
  13  0:12  Probe  
  14  0:18  Pylon  
  14  0:24  Probe (Chrono Boost)  
  15  0:36  Probe (Chrono Boost)  
  15  0:41  Gateway  
  16  0:45  Probe (Chrono Boost)  
  16  0:49  Assimilator  
  17  0:51  Probe  
  18  1:03  Probe  
  19  1:15  Probe  
  20  1:25  Nexus  
  20  1:34  Cybernetics Core  
  20  1:38  Probe  
  21  1:46  Assimilator  
  21  1:50  Probe  
  22  1:55  Pylon  
  22  2:02  Probe  
  23  2:11  Adept (Chrono Boost)  
  23  2:14  Probe  
  26  2:19  Stargate  
  26  2:26  Probe  
  26  2:29  Warp Gate  
  27  2:34  Adept  
  29  2:38  Probe x2  
  31  2:50  Probe x2  
  33  2:59  Oracle (Chrono Boost)  
  33  3:02  Probe  
  33  3:03  Probe  
  37  3:11  Adept  
  39  3:14  Probe  
  39  3:15  Probe  
  41  3:22  Pylon  
  41  3:27  Probe x2, Phoenix (Chrono Boost)  
  41  3:31  Shield Battery  
  45  3:40  Adept  
  46  3:43  Probe  
  46  3:44  Shield Battery  
  46  3:47  Phoenix (Chrono Boost)  
  49  4:03  Probe x2  
  49  4:07  Phoenix (Chrono Boost)  
  51  4:21  Probe x2  
  51  4:24  Pylon  
  53  4:34  Nexus  
  53  4:40  Gateway x2  
  53  4:42  Probe x2, Gateway  
  53  4:53  Twilight Council  
  53  4:55  Robotics Facility  
  53  5:01  Probe x2  
  55  5:13  Probe x2  
  57  5:18  Forge  
  57  5:22  Assimilator  
  57  5:23  Pylon  
  57  5:25  Probe x2  
  57  5:26  Assimilator  
  59  5:29  Phoenix  
  59  5:33  Pylon, Resonating Glaives  
  61  5:37  Probe  
  61  5:40  Probe  
  61  5:41  Warp Prism  
  61  5:47  Protoss Ground Weapons Level 1 (Chrono Boost)  
  59  5:54  Probe x3  
  64  6:04  Gateway  
  64  6:08  Gateway  
  64  6:19  Probe x3  
  64  6:22  Gateway  
  64  6:23  Gateway  
  64  6:24  Adept x3  
  73  6:31  Probe x2  
  73  6:32  Probe  
  76  6:40  Pylon  
  76  6:43  Probe  
  76  6:44  Probe x2  
  79  6:55  Probe  
  79  6:56  Probe x2, Pylon, Observer  
  79  6:59  Robotics Bay  
  83  7:07  Protoss Ground Armor Level 1 (Chrono Boost)  
  83  7:19  Probe  
  83  7:20  Probe x2  
  83  7:22  Adept x8  
  100  7:26  Observer  
  100  7:28  Pylon  
  100  7:29  Pylon  
  103  7:32  Pylon  
  103  7:34  Pylon  
  89  7:44  Adept x8  
  101  7:57  Colossus (Chrono Boost)  
  99  8:02  Probe  
  99  8:03  Probe x2  
  96  8:08  Blink (Chrono Boost)  
  92  8:13  Assimilator  
  92  8:14  Assimilator  
  92  8:22  Nexus  
  92  8:24  Extended Thermal Lance  
  92  8:25  Sentry  
  92  8:26  Zealot x6  
  106  8:27  Zealot  
  106  8:29  Protoss Ground Weapons Level 2 (Chrono Boost)  
  108  8:38  Colossus (Chrono Boost)  
  114  8:48  Photon Cannon, Observer  
  114  8:49  Photon Cannon  
  114  8:51  Pylon  
  114  8:59  Twilight Council  
  114  9:08  Probe x3  
  117  9:14  Colossus (Chrono Boost)  
  117  9:20  Photon Cannon  
  117  9:21  Pylon  
  123  9:28  Stalker x5  
  133  9:32  Forge  
  133  9:35  Charge  
  133  9:41  Probe  
  133  9:49  Protoss Ground Armor Level 2 (Chrono Boost)  
  133  9:54  Zealot x7  
  133  9:55  Zealot  
  149  10:01  Colossus (Chrono Boost)  
  153  10:15  Shield Battery  
  153  10:16  Shield Battery  
  153  10:17  Pylon  
  153  10:18  Shield Battery  
  153  10:25  Probe  
  154  10:31  Pylon  
  154  10:43  Protoss Ground Weapons Level 3 (Chrono Boost)  
  154  10:46  Stalker x3  
  154  10:48  Probe  
  159  10:50  Colossus  
  159  10:56  Zealot x5  
  163  11:12  Zealot x3  
  159  11:20  Stalker x4  
  159  11:21  Stalker x3  
  166  11:28  Protoss Ground Armor Level 3 (Chrono Boost)  
  150  11:40  Photon Cannon  
  150  11:41  Colossus (Chrono Boost)  
  150  11:43  Zealot x3  
  150  11:44  Zealot x2  
  159  11:55  Gateway  
  159  11:56  Gateway x2  
  159  11:59  Sentry, Gateway  
  161  12:07  Templar Archives, Stalker x4  
  161  12:08  Stalker  
  171  12:13  Assimilator  
  171  12:15  Pylon  
  169  12:17  Assimilator  
  169  12:19  Pylon  
  169  12:23  Zealot  
  169  12:27  Colossus (Chrono Boost)  
  153  12:32  Stalker  
  153  12:33  Stalker x4  
  153  12:36  Probe  
  160  12:47  Observer  
  160  12:48  Probe  
  160  12:50  Probe  
  159  12:56  Zealot x3  
  159  12:57  Zealot x3  
  162  13:02  Probe  
  162  13:04  Probe x2  
  162  13:05  Probe  
  151  13:11  Warp Prism (Chrono Boost)  
  151  13:15  Stalker x2  
  151  13:16  Stalker  
  159  13:23  High Templar x2  
  159  13:24  Zealot x4  
  171  13:28  Archon  
  171  13:29  Pylon  
  169  13:39  Colossus (Chrono Boost)  
  175  13:46  Zealot  
  175  13:47  Zealot x5  
  187  13:52  Zealot x2  
  185  14:17  Zealot x5  
  189  14:24  Photon Cannon  
  183  14:34  Zealot x3  
  183  14:35  Zealot x2  
  169  14:57  Zealot x8  
  169  14:58  Zealot x2  

Tags
 
Add a new tag
Caveats
  • Supply blocks, unpowered buildings, or Contaminate may cause inaccurate times.
  • Supply counts are checked every 10 seconds.